Map: Toxic Slums

Players

CBagRun

  • Race: Zerg Zerg
  • Spawn Location: 6:00

Ecrotoss - Winner!

  • Race: Protoss Protoss
  • Spawn Location: 12:00

drnavorious

  • Race: Terran Terran
  • Spawn Location: 3:00

HORSES

  • Race: Zerg Zerg
  • Spawn Location: 5:00

couchman

  • Race: Terran Terran
  • Spawn Location: 9:00

VOD

Have the link to the VOD?

Description

Time

  • Played on: Dec. 13, 2021, 11:48 p.m.
  • Length: 49:09
Show
View Real Time Build Order
Export as new Build Order

CBagRun Zerg 

Build Orders: Pool First 

Get SALT Encoding   

  6  0:00  Drone  
  7  0:12  Drone  
  8  0:22  Drone  
  9  0:33  Overlord  
  10  0:42  Drone  
  10  0:52  Drone  
  11  1:08  Drone x2  
  11  1:09  Drone  
  14  1:28  Spawning Pool  
  14  1:31  Drone  
  14  1:47  Drone x2  
  16  2:03  Overlord  
  16  2:15  Queen  
  18  2:21  Zergling x2  
  18  2:22  Zergling x2  
  20  2:34  Zergling x2  
  21  2:50  Queen  
  21  3:20  Overlord  
  21  3:21  Overlord  
  21  3:54  Overlord  
  21  3:55  Overlord x2  
  21  3:57  Overlord  
  21  4:43  Zergling x16  
  21  4:44  Zergling x6  
  32  4:54  Extractor  
  32  4:58  Drone  
  32  5:09  Drone  
  33  5:31  Extractor  
  32  6:06  Drone  
  32  6:07  Drone x2  
  35  6:19  Evolution Chamber  
  34  6:29  Roach Warren  
  34  6:30  Drone x3  
  34  6:31  Drone x3  
  34  6:32  Drone  
  40  6:58  Zerg Ground Armor Level 1  
  40  7:08  Lair  
  40  7:11  Roach  
  40  7:12  Roach x2  
  46  7:29  Roach  
  50  7:30  Roach x3  
  54  7:47  Zergling x10  
  59  8:33  Zergling x12  
  44  9:17  Zergling x12  
  46  9:39  Glial Reconstitution  
  46  9:41  Zerg Ground Armor Level 2  
  46  9:43  Zergling x2  
  46  9:44  Zergling x2  
  45  10:00  Roach  
  45  10:01  Roach x3  
  53  10:12  Spine Crawler  
  53  10:13  Spine Crawler  
  51  10:21  Spine Crawler  
  51  10:24  Spine Crawler  
  49  10:37  Infestation Pit  
  48  10:46  Spire  
  47  10:58  Queen  
  49  11:27  Spore Crawler  
  49  11:31  Spore Crawler  
  47  11:36  Spore Crawler  
  46  11:59  Spore Crawler  
  46  12:00  Corruptor x5  
  46  12:01  Corruptor  
  57  12:19  Infestation Pit  
  57  12:22  Drone  
  57  12:23  Drone  
  57  12:29  Overlord  
  58  12:30  Overlord x2  
  58  13:12  Hatchery  
  57  13:54  Hive  
  55  14:34  Queen  
  57  15:06  Roach  
  63  15:07  Roach x2  
  63  15:24  Ultralisk Cavern  
  62  15:28  Greater Spire  
  62  15:33  Zergling x6  
  62  15:34  Zergling x6  
  68  16:14  Drone  
  68  16:15  Drone x5  
  74  16:28  Extractor  
  74  16:31  Extractor  
  72  17:08  Drone x3  
  74  17:09  Drone  
  74  17:12  Overlord x2  
  74  17:13  Overlord  
  70  18:30  Corruptor x2  
  86  18:34  Ultralisk x2  
  86  18:51  Ultralisk  
  86  18:53  Zergling x4  
  96  19:02  Brood Lord  
  62  20:49  Ultralisk x2  
  74  20:50  Ultralisk  
  74  20:54  Swarm Host x3  
  89  21:16  Corruptor  
  89  21:17  Corruptor  
  31  22:41  Zergling x2  
  31  22:42  Zergling x24  
  44  22:46  Zergling x4  
  44  22:47  Zergling x2  
  47  23:21  Roach  
  47  23:22  Roach x3  
  55  24:14  Ultralisk x2  
  58  24:53  Corruptor x3  
  64  25:14  Hatchery  
  32  26:39  Chitinous Plating  
  32  26:43  Ultralisk  
  32  26:44  Ultralisk x2  
  50  26:57  Drone x3  
  53  27:49  Corruptor  
  53  27:50  Corruptor x5  
  65  28:01  Drone x3  
  65  28:02  Drone  
  69  28:14  Drone x4  
  73  28:46  Extractor  
  73  28:48  Extractor  
  71  28:50  Drone x3  
  71  28:55  Drone x2  
  76  28:56  Drone  
  77  29:39  Drone x2  
  79  29:52  Queen  
  81  30:08  Hatchery  
  81  30:13  Roach x2  
  90  30:14  Roach x5  
  90  30:18  Roach x4  
  102  30:27  Overlord x4  
  102  30:28  Overlord x2  
  96  32:06  Corruptor  
  96  32:07  Corruptor x4  
  106  32:13  Zerg Flyer Weapons Level 1  
  106  32:16  Corruptor  
  106  32:17  Corruptor x9  
  124  32:24  Zergling x6  
  114  33:08  Ultralisk x2  
  126  33:13  Zergling x6  
  126  33:15  Zergling x2  
  126  33:16  Zergling x4  
  126  33:18  Zergling x4  
  120  34:39  Pneumatized Carapace  
  120  35:01  Ultralisk x4  
  144  35:11  Roach x2  
  148  35:26  Overseer x3  
  148  35:29  Overseer x3  
  148  35:32  Overseer x2  
Show
View Real Time Build Order
Export as new Build Order

Ecrotoss Protoss - Winner!

Build Orders: Carriers 

Get SALT Encoding   

  1  0:00  Probe  
  7  0:10  Probe  
  8  0:20  Probe  
  9  0:30  Probe  
  10  0:56  Pylon  
  10  0:59  Pylon  
  10  1:07  Assimilator  
  10  1:12  Probe  
  10  1:18  Pylon  
  11  1:33  Probe  
  12  1:42  Gateway  
  12  1:50  Assimilator  
  12  2:01  Probe  
  13  2:11  Probe  
  14  2:21  Pylon  
  14  2:23  Pylon  
  14  2:33  Cybernetics Core  
  14  2:42  Zealot  
  16  2:57  Forge, Probe  
  17  3:12  Stalker  
  19  3:13  Probe  
  20  3:21  Protoss Ground Weapons Level 1  
  20  3:42  Stalker  
  20  3:48  Warp Gate  
  22  4:04  Photon Cannon  
  22  4:09  Zealot  
  24  4:38  Nexus  
  24  4:51  Photon Cannon  
  24  5:07  Robotics Facility  
  24  5:09  Probe  
  25  5:21  Probe  
  26  5:33  Probe  
  27  5:42  Gateway  
  27  5:55  Probe  
  27  6:03  Observer  
  29  6:05  Probe  
  29  6:10  Gateway  
  30  6:14  Pylon  
  30  6:15  Probe  
  31  6:18  Pylon  
  31  6:22  Pylon  
  31  6:25  Probe  
  32  6:35  Probe  
  33  6:45  Probe  
  33  6:46  Zealot  
  35  6:52  Zealot  
  38  6:55  Protoss Ground Armor Level 1, Probe  
  39  7:06  Zealot  
  41  7:14  Immortal  
  45  7:26  Probe  
  46  7:32  Probe  
  46  7:36  Probe  
  47  7:37  Assimilator  
  47  7:42  Assimilator  
  48  7:44  Probe  
  48  7:46  Probe  
  50  7:56  Probe x2  
  52  8:05  Nexus  
  52  8:06  Probe  
  52  8:09  Pylon  
  52  8:12  Pylon, Warp Prism  
  53  8:14  Assimilator  
  55  8:27  Pylon  
  55  8:32  Stargate x2  
  55  8:35  Stargate  
  55  8:41  Zealot x2  
  55  8:42  Zealot  
  55  8:46  Probe  
  62  8:56  Probe  
  63  9:06  Probe  
  64  9:27  Probe  
  65  9:37  Probe  
  65  9:38  Gateway  
  65  9:40  Gateway  
  66  9:47  Probe  
  66  9:52  Void Ray x2  
  71  9:53  Void Ray  
  79  10:00  Zealot  
  79  10:01  Zealot x2  
  85  10:12  Twilight Council  
  85  10:17  Probe  
  86  10:27  Probe, Photon Cannon  
  86  10:30  Photon Cannon  
  86  10:32  Photon Cannon  
  86  10:35  Photon Cannon  
  87  10:37  Probe  
  88  10:46  Stalker  
  88  10:47  Probe  
  91  10:54  Stalker  
  91  10:57  Probe  
  94  11:14  Charge  
  76  11:31  Void Ray  
  76  11:35  Void Ray x2  
  88  11:46  Protoss Ground Armor Level 2  
  88  12:33  Immortal  
  88  12:37  Void Ray  
  92  12:38  Void Ray  
  92  12:42  Void Ray  
  104  12:57  Zealot x3  
  104  12:58  Zealot x2  
  114  13:06  Protoss Air Weapons Level 1, Immortal  
  118  13:33  Pylon  
  118  13:36  Pylon  
  118  13:37  Protoss Ground Weapons Level 2  
  118  13:39  Assimilator  
  118  13:45  Pylon  
  118  13:47  Pylon  
  118  13:49  Pylon  
  118  13:51  Observer, Probe, Pylon  
  120  14:03  Probe  
  121  14:15  Probe  
  121  14:16  Cybernetics Core  
  122  14:23  Fleet Beacon  
  122  14:28  Probe  
  123  14:36  Forge  
  123  14:40  Probe  
  124  14:52  Probe  
  120  16:37  Nexus  
  120  17:00  Photon Cannon  
  120  17:01  Photon Cannon  
  120  17:05  Photon Cannon  
  120  17:07  Photon Cannon  
  120  17:09  Photon Cannon  
  138  17:40  Carrier  
  138  17:41  Carrier x2  
  138  18:01  Protoss Ground Weapons Level 3  
  138  18:06  Protoss Ground Armor Level 3  
  138  18:27  Zealot x4  
  138  18:28  Zealot  
  138  18:29  Protoss Air Weapons Level 2  
  148  18:37  Protoss Air Armor Level 1  
  148  18:40  Pylon  
  148  18:42  Pylon  
  166  19:01  Carrier x2  
  166  19:02  Carrier  
  168  20:08  Photon Cannon  
  168  20:09  Photon Cannon  
  168  20:11  Carrier x2  
  168  20:12  Carrier  
  168  20:13  Photon Cannon  
  168  20:14  Photon Cannon  
  168  20:51  Zealot x3  
  168  20:52  Zealot x2  
  166  21:07  Void Ray x2  
  166  21:08  Void Ray  
  178  21:18  Pylon  
  178  21:21  Pylon  
  178  21:23  Pylon  
  178  21:24  Protoss Air Weapons Level 3  
  178  21:43  Void Ray  
  178  21:48  Protoss Air Armor Level 2  
  178  21:49  Void Ray  
  178  21:50  Void Ray  
  190  22:18  Void Ray  
  190  22:23  Photon Cannon  
  190  22:24  Photon Cannon  
  190  22:26  Photon Cannon  
  190  22:28  Photon Cannon  
  194  22:31  Void Ray  
  194  22:32  Zealot  
  180  23:36  Carrier  
  170  24:01  Carrier  
  170  24:17  Carrier  
  162  24:57  Void Ray  
  162  25:02  Carrier  
  172  25:32  Void Ray  
  172  25:42  Carrier  
  176  26:10  Zealot x5  
  198  26:21  Carrier  
  198  26:27  Carrier  
  198  26:34  Zealot  
  200  26:53  Nexus  
  172  28:26  Pylon  
  172  28:29  Photon Cannon  
  172  28:30  Photon Cannon  
  172  28:33  Photon Cannon  
  172  28:37  Photon Cannon  
  172  29:28  Nexus  
  172  29:42  Pylon  
  172  29:46  Pylon  
  172  29:51  Void Ray  
  184  30:04  Void Ray  
  176  30:10  Void Ray  
  174  32:43  Nexus  
  174  32:49  Void Ray  
  174  32:56  Void Ray x2  
  192  33:37  Carrier  
  198  34:01  Carrier  
  100  37:56  Assimilator  
  100  37:59  Assimilator  
  100  38:11  Zealot x5  
  100  38:12  Carrier x2  
  110  38:27  Assimilator  
  110  38:33  Assimilator  
  108  38:36  Nexus  
  100  39:28  Assimilator  
  100  39:32  Assimilator  
  100  39:34  Assimilator  
  100  39:37  Assimilator  
  100  39:38  Carrier  
  100  39:41  Zealot x2  
  100  39:42  Zealot x3  
  109  40:03  Zealot x3  
  109  40:04  Zealot x2  
  119  40:30  Zealot x5  
  129  40:51  Zealot x3  
  129  40:52  Zealot x2  
  157  41:12  Carrier x2  
  157  41:13  Zealot x5  
  167  41:27  Carrier  
  167  42:47  Void Ray  
  167  42:48  Void Ray  
  167  42:54  Void Ray  
  179  43:22  Void Ray  
  179  43:23  Void Ray  
  187  43:37  Void Ray  
  148  48:10  Zealot x2  
  148  48:11  Zealot x3  
Show
View Real Time Build Order
Export as new Build Order

drnavorious Terran 

Build Orders:  

Get SALT Encoding   

  6  0:04  SCV  
  7  0:21  SCV  
  8  0:33  SCV  
  9  1:35  Command Center  
  9  1:37  SCV  
  10  1:49  SCV  
  10  1:52  Engineering Bay  
  11  2:12  Supply Depot  
  11  2:23  Supply Depot  
  11  2:33  SCV  
  12  2:50  SCV  
  13  3:03  SCV x2  
  15  3:15  SCV x2  
  17  3:27  SCV  
  17  3:29  Refinery  
  18  3:39  SCV  
  19  3:51  SCV  
  20  3:57  Barracks  
  20  4:03  SCV  
  20  4:08  SCV  
  22  4:15  SCV  
  23  4:20  SCV  
  24  4:25  Missile Turret  
  24  4:27  SCV  
  24  4:29  Missile Turret  
  25  4:32  SCV  
  26  4:45  Barracks  
  26  4:54  Supply Depot  
  26  5:07  Barracks  
  26  5:16  Terran Infantry Weapons Level 1  
  26  5:17  Supply Depot  
  26  5:40  Barracks Reactor  
  26  5:42  Supply Depot  
  26  5:48  Barracks Reactor  
  26  5:56  Barracks  
  26  6:04  Supply Depot  
  26  6:24  Refinery  
  26  6:26  Supply Depot, SCV  
  27  6:38  SCV  
  28  6:46  Barracks Reactor  
  28  6:47  Ghost Academy  
  28  6:49  Barracks Reactor, Supply Depot  
  28  6:50  SCV  
  29  7:02  SCV  
  30  7:11  Terran Infantry Armor Level 1  
  30  7:14  SCV  
  31  7:22  Factory  
  31  7:29  Marine x2  
  32  7:30  Marine x6  
  39  7:47  Marine x3  
  39  7:48  Marine x5  
  47  8:05  Marine x3  
  48  8:06  Marine x5  
  55  8:23  Marine x4  
  55  8:24  Marine x4  
  63  8:28  SCV  
  63  8:34  SCV  
  65  8:40  SCV  
  66  8:46  SCV  
  67  8:52  SCV  
  68  8:58  SCV  
  69  9:04  SCV, Neosteel Frame  
  70  9:10  SCV  
  70  9:11  Starport  
  70  9:16  SCV  
  72  9:22  SCV  
  73  9:34  Factory Tech Lab  
  73  9:49  Starport  
  73  10:06  Refinery  
  73  10:20  Command Center  
  73  10:23  Neosteel Armor  
  73  10:30  Starport Tech Lab  
  73  10:32  Refinery  
  73  10:41  Fusion Core  
  73  10:53  Supply Depot  
  73  10:57  Marine x3  
  73  10:58  Marine x5  
  81  11:15  Marine x4, Supply Depot  
  81  11:16  Marine x4  
  81  11:32  Marine  
  81  11:33  Marine x4  
  81  11:34  Marine x3, Starport Tech Lab  
  81  11:37  Supply Depot  
  89  11:50  Marine  
  89  11:51  Marine x4  
  94  11:58  Armory  
  94  12:03  Hi-Sec Auto Tracking  
  94  12:08  Marine x5  
  95  12:09  Marine x3  
  102  12:19  SCV  
  103  12:26  Marine x5  
  103  12:27  Marine x2  
  110  13:32  Command Center  
  110  13:55  Terran Ship Armor Level 1  
  110  14:06  Terran Infantry Weapons Level 2  
  110  14:23  Bunker  
  110  14:58  Supply Depot  
  110  15:15  Bunker  
  110  15:24  Missile Turret  
  110  15:49  Terran Ship Weapons Level 1  
  110  16:30  Battlecruiser  
  110  16:31  Battlecruiser  
  122  16:36  Weapon Refit  
  122  16:48  SCV  
  123  17:00  SCV  
  124  17:13  SCV  
  125  17:19  Marine  
  125  17:20  Marine x7  
  133  17:25  SCV  
  134  17:34  Battlecruiser  
  140  17:47  Terran Infantry Weapons Level 3  
  140  18:04  Terran Ship Armor Level 2  
  140  18:16  Behemoth Reactor  
  140  18:38  Bunker  
  140  19:04  Missile Turret  
  140  19:07  Bunker  
  140  19:14  Missile Turret  
  140  19:23  Missile Turret  
  140  19:33  Missile Turret  
  140  19:42  Missile Turret  
  140  19:50  Bunker  
  140  19:52  Missile Turret  
  140  20:10  Missile Turret  
  140  20:18  Missile Turret  
  140  20:20  Terran Ship Weapons Level 2, Bunker  
  140  20:24  Terran Infantry Armor Level 2  
  140  20:38  Missile Turret  
  140  20:42  Supply Depot  
  140  20:49  Bunker  
  140  20:59  Missile Turret  
  140  21:03  Marine x7  
  140  21:04  Supply Depot, SCV  
  148  21:20  Missile Turret  
  148  21:24  Bunker  
  148  21:25  Marine x6  
  148  21:26  SCV  
  148  21:27  Supply Depot  
  155  21:37  Starport  
  155  21:38  SCV  
  156  21:40  Missile Turret  
  156  21:49  Battlecruiser, Supply Depot  
  156  21:50  SCV  
  163  21:54  Bunker  
  163  22:00  Missile Turret  
  163  22:02  SCV  
  164  22:11  Banshee  
  164  22:13  Supply Depot  
  164  22:15  Starport  
  167  22:24  Bunker  
  167  22:36  Supply Depot  
  167  22:37  Starport Tech Lab  
  167  22:53  Starport, Banshee x2  
  167  22:56  Bunker  
  173  22:59  Supply Depot  
  169  23:21  Supply Depot  
  169  23:27  Bunker  
  169  23:31  Starport  
  169  23:36  Banshee x2  
  169  23:37  Banshee  
  122  23:58  Bunker  
  120  24:08  Starport, Missile Turret  
  115  24:18  Banshee  
  115  24:19  Missile Turret, Banshee  
  115  24:20  Banshee  
  102  24:40  Missile Turret  
  96  24:47  Starport  
  96  25:01  Missile Turret, Banshee  
  96  25:02  Banshee  
  96  25:03  Banshee  
  77  25:21  Missile Turret  
  76  25:46  Banshee  
  79  25:56  Refinery  
  63  26:28  Marine  
  63  26:29  Marine  
  63  26:31  Marine  
  63  26:32  Marine x5  
  77  26:46  Marine  
  78  26:47  Marine  
  78  26:49  Marine x6  
  82  27:04  Marine x2  
  82  27:07  Marine x6  
  87  27:22  Marine x2  
  82  27:25  Marine x6  
  83  27:32  Medivac  
  83  27:33  Medivac x4  
  95  27:40  Marine x2  
  95  27:42  Marine  
  95  27:43  Marine x4  
  102  27:58  Barracks  
  102  28:00  Marine x2  
  102  28:46  Barracks  
  102  29:23  Supply Depot  
  102  29:34  Barracks  
  102  29:39  Supply Depot  
  102  29:41  Marine x4  
  102  29:42  Marine  
  102  29:43  Marine x3, Medivac  
  99  29:45  Supply Depot  
  92  29:58  Marine  
  92  29:59  Marine x3  
  93  30:01  Marine x4  
  80  30:09  Supply Depot  
  51  30:16  Marine  
  51  30:18  Marine  
  51  30:19  Marine x6  
  46  30:25  Barracks Reactor x3  
  46  30:32  Supply Depot  
  46  30:34  Marine  
  47  30:36  Marine  
  47  30:37  Marine x6  
  54  30:52  Marine  
  54  30:54  Marine x3, Supply Depot  
  54  30:55  Marine x4  
  62  31:05  Starport Tech Lab x2  
  62  31:06  Starport Tech Lab x2  
  62  31:10  Marine  
  63  31:12  Marine x7  
  63  31:15  Marine  
  63  31:16  Marine x5  
  63  31:17  Supply Depot  
  42  31:26  Starport Tech Lab  
  42  31:28  Marine  
  41  31:33  Marine x4  
  41  31:34  Marine x2  
  47  31:40  Supply Depot  
  45  31:51  Marine x6  
  45  32:03  Supply Depot  
  43  32:09  Marine x5, Missile Turret  
  40  32:19  SCV  
  40  32:26  Supply Depot  
  40  32:29  Missile Turret  
  40  32:31  SCV  
  41  32:49  Supply Depot  
  41  33:13  Supply Depot  
  41  33:29  Medivac  
  43  33:59  Medivac  
  45  34:26  Missile Turret  
  41  35:30  Engineering Bay  
  41  36:04  Missile Turret  
  41  36:30  Missile Turret  
  41  36:46  SCV  
  42  36:49  Missile Turret  
  42  37:04  SCV  
  43  37:10  Missile Turret  
  43  37:40  SCV  
  44  37:52  SCV  
  45  38:04  Missile Turret  
  45  38:38  Missile Turret  
  45  39:01  Missile Turret  
  45  40:50  Missile Turret  
  45  41:13  Missile Turret  
Show
View Real Time Build Order
Export as new Build Order

HORSES Zerg 

Build Orders: Pool First 

Get SALT Encoding   

  6  0:02  Drone  
  7  0:20  Overlord  
  7  0:31  Drone  
  8  0:48  Drone x2  
  10  1:14  Spawning Pool  
  10  1:16  Drone  
  10  1:23  Drone  
  11  1:25  Drone  
  12  1:48  Drone x2  
  12  1:49  Drone  
  15  2:00  Queen  
  17  2:04  Zergling x2  
  18  2:12  Overlord  
  18  2:26  Overlord  
  18  2:31  Drone  
  19  2:52  Drone  
  19  2:54  Drone  
  21  3:23  Zergling x6  
  21  3:24  Zergling x4  
  26  3:28  Extractor  
  25  3:35  Drone  
  26  3:46  Overlord x2  
  26  3:47  Overlord  
  26  4:04  Queen  
  28  4:11  Zergling x6  
  31  4:29  Drone x3  
  31  4:30  Drone  
  35  4:51  Extractor  
  34  4:58  Metabolic Boost  
  34  5:03  Zergling x6  
  34  5:06  Overlord x2  
  37  5:39  Zergling x4  
  37  5:40  Zergling x2  
  40  5:52  Zergling x2  
  41  6:07  Drone  
  42  6:12  Drone  
  43  6:25  Zergling x2  
  43  6:26  Zergling x4  
  43  6:28  Drone  
  43  6:29  Drone  
  48  6:33  Evolution Chamber  
  47  7:04  Roach Warren  
  46  7:10  Zerg Melee Weapons Level 1, Evolution Chamber  
  46  7:13  Zergling x4  
  46  7:14  Zergling x2  
  48  7:22  Lair  
  48  7:39  Zerg Ground Armor Level 1  
  48  8:08  Roach x2  
  48  8:09  Roach x2  
  56  8:25  Overlord x3  
  56  8:49  Ventral Sacs  
  53  8:58  Roach x6  
  53  8:59  Roach  
  53  9:02  Glial Reconstitution  
  53  9:05  Zerg Missile Weapons Level 1  
  46  9:11  Zergling x2  
  39  9:31  Roach x4  
  45  9:32  Roach  
  49  9:39  Zerg Melee Weapons Level 2  
  46  10:22  Queen  
  48  10:29  Drone  
  48  10:30  Drone  
  48  10:33  Roach x3  
  48  10:34  Roach x2  
  60  10:58  Zerg Ground Armor Level 2  
  60  11:01  Infestation Pit  
  59  11:09  Roach  
  59  11:10  Roach x3  
  67  11:24  Hatchery  
  66  11:42  Roach  
  66  11:43  Roach x5  
  78  12:00  Pneumatized Carapace  
  78  12:45  Zergling x6  
  78  12:46  Zergling x4  
  78  12:49  Overlord x2  
  83  13:00  Hive  
  83  13:02  Lair  
  83  13:12  Drone x2  
  85  13:17  Zerg Missile Weapons Level 2  
  85  13:31  Overlord x2  
  85  13:38  Drone  
  85  13:39  Drone x2  
  88  14:09  Spire  
  87  14:13  Drone x2  
  89  14:21  Drone x3  
  92  14:28  Drone  
  93  15:11  Hatchery  
  92  15:18  Extractor  
  91  15:22  Queen  
  91  15:23  Extractor  
  91  15:27  Drone x3  
  90  16:27  Queen  
  90  16:30  Corruptor x2  
  90  16:31  Corruptor x5  
  89  17:34  Queen  
  89  17:36  Corruptor x3  
  85  18:02  Zerg Flyer Weapons Level 1  
  85  18:05  Corruptor  
  79  18:22  Queen  
  79  18:23  Drone x2  
  79  18:24  Drone  
  84  18:48  Drone x2  
  84  18:49  Drone  
  84  18:54  Drone x3  
  90  18:57  Queen  
  92  19:07  Corruptor  
  94  19:18  Spawning Pool  
  93  19:24  Evolution Chamber  
  93  19:30  Evolution Chamber  
  91  19:35  Spire  
  90  19:40  Ultralisk Cavern  
  86  20:02  Corruptor x2  
  86  20:03  Corruptor  
  92  20:15  Drone x3  
  95  20:26  Zergling x4  
  95  20:27  Zergling x6  
  88  20:47  Ultralisk  
  94  20:58  Corruptor x2  
  94  20:59  Corruptor  
  100  21:30  Ultralisk  
  100  21:32  Corruptor  
  106  21:36  Zergling x6  
  106  21:37  Zergling x4  
  113  21:45  Roach Warren  
  112  21:49  Zerg Flyer Armor Level 1  
  112  21:55  Drone x3  
  115  22:03  Overlord  
  115  22:04  Overlord  
  81  22:46  Ultralisk  
  87  23:27  Roach x3  
  87  23:28  Roach x3  
  99  23:52  Drone  
  99  23:53  Drone x3  
  103  24:00  Chitinous Plating  
  103  24:44  Roach x6  
Show
View Real Time Build Order
Export as new Build Order

couchman Terran 

Build Orders:  

Get SALT Encoding   

  6  0:00  SCV  
  7  0:12  SCV  
  8  0:31  Supply Depot  
  8  0:36  SCV  
  9  0:48  SCV  
  10  1:00  SCV  
  11  1:12  SCV  
  12  1:19  Barracks  
  12  1:24  SCV  
  13  1:36  SCV  
  14  1:48  SCV  
  15  2:00  SCV  
  16  2:10  Marine  
  16  2:12  SCV  
  16  2:13  Supply Depot  
  18  2:15  Refinery  
  18  2:24  SCV  
  19  2:34  Marine  
  19  2:36  Supply Depot  
  20  2:41  SCV  
  21  2:47  Refinery  
  21  2:52  Marine  
  21  2:53  SCV  
  24  3:05  SCV  
  24  3:10  Marine  
  25  3:13  Engineering Bay  
  25  3:17  SCV  
  26  3:28  Marine  
  26  3:29  SCV  
  26  3:32  Command Center  
  28  3:42  SCV  
  29  3:58  Sensor Tower  
  29  4:04  Barracks Tech Lab  
  29  4:07  Terran Infantry Weapons Level 1  
  29  4:13  SCV  
  30  4:25  SCV  
  31  4:32  Barracks  
  31  4:37  SCV  
  32  4:41  Reaper  
  33  4:49  SCV  
  34  4:59  Stimpack  
  34  5:02  Orbital Command  
  34  5:13  Reaper  
  35  5:22  Factory  
  35  5:31  SCV  
  36  5:40  Command Center  
  36  5:44  SCV  
  36  5:45  Marine, Reaper  
  39  5:56  SCV  
  40  6:03  Marine  
  41  6:07  SCV  
  41  6:08  SCV  
  43  6:13  Starport  
  43  6:17  Reaper  
  44  6:19  SCV, Factory Tech Lab  
  44  6:20  SCV  
  46  6:26  Barracks Tech Lab  
  46  6:39  Terran Infantry Armor Level 1  
  46  6:51  SCV x2  
  48  7:03  SCV  
  48  7:04  SCV  
  50  7:16  SCV  
  50  7:17  SCV  
  50  7:19  Starport Tech Lab, Engineering Bay  
  52  7:25  Weapon Refit  
  52  7:26  Fusion Core  
  52  7:29  SCV  
  53  7:37  Supply Depot  
  53  7:41  SCV  
  54  7:44  SCV  
  55  7:52  SCV  
  55  7:53  SCV  
  57  7:58  SCV  
  57  8:02  Supply Depot  
  57  8:04  SCV  
  59  8:16  SCV  
  59  8:19  Supply Depot  
  60  8:26  Supply Depot  
  60  8:28  Armory  
  60  8:33  Neosteel Armor  
  60  8:38  Refinery  
  60  8:39  Refinery  
  60  8:41  Supply Depot  
  60  8:43  Refinery  
  60  8:46  SCV, Refinery  
  60  8:48  Supply Depot, SCV  
  62  8:51  Battlecruiser  
  68  8:58  SCV  
  68  9:00  SCV  
  70  9:05  Supply Depot  
  70  9:10  SCV  
  70  9:12  SCV  
  70  9:14  Armory  
  70  9:15  Behemoth Reactor  
  72  9:22  SCV  
  73  9:24  SCV  
  73  9:27  Supply Depot  
  74  9:33  Terran Infantry Armor Level 2  
  74  9:34  Missile Turret, SCV  
  74  9:36  SCV  
  76  9:47  SCV  
  77  9:56  Missile Turret  
  77  9:59  SCV  
  78  10:11  SCV  
  79  10:29  Reaper x2  
  81  10:55  Command Center  
  81  11:00  Siege Tank  
  81  11:01  Reaper x2  
  85  11:19  Battlecruiser  
  91  11:25  Missile Turret  
  91  11:32  Siege Tank  
  94  11:33  Reaper x2, Orbital Command  
  94  11:35  Orbital Command  
  96  11:40  Bunker  
  96  11:43  Bunker  
  96  11:44  Missile Turret  
  96  11:45  Missile Turret  
  96  11:47  Missile Turret  
  96  12:04  Siege Tank  
  99  12:13  Starport  
  99  12:19  Barracks  
  99  12:24  Battlecruiser  
  105  12:32  Terran Vehicle Armor Level 1  
  105  12:33  Terran Ship Weapons Level 1  
  105  12:36  Terran Infantry Armor Level 3  
  105  12:37  Terran Infantry Weapons Level 2  
  105  12:49  Starport  
  105  13:06  Barracks  
  105  13:08  Barracks  
  105  13:54  Barracks  
  96  14:26  Terran Vehicle Weapons Level 1  
  96  14:27  Terran Ship Armor Level 1  
  90  14:33  Barracks Reactor  
  90  14:34  Barracks Reactor  
  90  14:35  Marine  
  90  14:36  Marine  
  92  14:41  Barracks  
  92  14:49  Starport Tech Lab x2  
  92  14:53  Hi-Sec Auto Tracking, Marine x2  
  92  14:55  Missile Turret  
  94  15:11  Marine x2  
  94  15:12  Neosteel Frame  
  96  15:17  Missile Turret  
  96  15:29  Marine x2  
  96  15:30  Barracks  
  98  15:50  Terran Infantry Weapons Level 3  
  89  16:06  Marine x2  
  89  16:07  Marine  
  89  16:10  Reaper  
  89  16:11  Reaper  
  93  16:20  Terran Ship Weapons Level 2  
  93  16:21  Barracks, Terran Vehicle Armor Level 2  
  93  16:24  Marine x3  
  93  16:25  Marine  
  81  16:34  Siege Tank  
  81  16:38  Battlecruiser x2  
  96  16:42  Marine  
  97  16:50  Reaper  
  97  17:02  Marine, Reaper  
  97  17:03  Marine  
  97  17:07  Siege Tank  
  88  17:10  Bunker  
  88  17:13  Battlecruiser, Bunker x2  
  87  17:20  Marine  
  87  17:22  Reaper  
  72  17:30  Marine x2  
  72  17:31  Marine x2  
  72  17:34  Reaper  
  76  17:39  Siege Tank  
  76  17:42  Battlecruiser  
  81  17:58  Combat Shield  
  63  18:14  Command Center  
  63  18:22  Supply Depot  
  63  18:45  Supply Depot  
  63  19:07  Marine x3, Reaper  
  63  19:08  Supply Depot  
  67  19:20  Supply Depot  
  67  19:21  Supply Depot  
  67  19:22  Marine  
  67  19:24  Reaper  
  67  19:25  Marine x3  
  67  19:26  Battlecruiser, Siege Tank  
  67  19:28  Battlecruiser  
  67  19:30  Battlecruiser  
  66  19:38  Missile Turret  
  66  19:39  Reaper, Missile Turret  
  66  19:40  Marine  
  66  19:43  Marine x3, Missile Turret, Supply Depot  
  70  20:04  Marine  
  70  20:05  Reaper  
  70  20:07  Supply Depot  
  72  20:10  Command Center  
  72  20:28  Marine, Siege Tank  
  76  20:34  Missile Turret  
  76  20:46  Marine  
  77  20:50  Command Center  
  77  20:56  Sensor Tower  
  76  21:22  Battlecruiser  
  82  21:26  Missile Turret  
  82  22:49  Refinery  
  82  22:50  SCV  
  83  23:02  SCV  
  83  23:04  Sensor Tower  
  83  23:14  SCV  
  84  23:22  Sensor Tower  
  84  23:26  SCV  
  85  23:41  Bunker  
  85  23:51  Refinery  
  85  24:12  Bunker  
  85  24:44  Barracks  
  85  24:51  Supply Depot  
  85  24:58  SCV  
  86  25:07  Bunker  
  86  25:10  SCV  
  87  25:14  Supply Depot  
  87  25:22  SCV  
  88  25:34  SCV  
  89  25:37  Supply Depot  
  89  25:46  SCV  
  90  25:50  Sensor Tower  
  90  25:58  SCV  
  90  26:00  Supply Depot  
  91  26:10  SCV  
  92  26:17  Sensor Tower  
  92  26:22  Supply Depot  
  92  27:36  Missile Turret  
  86  27:37  Orbital Command  
  51  28:26  Marine  
  52  28:29  SCV  
  52  28:33  Marine  
  52  28:34  Marine x4  
  58  28:41  SCV  
  58  28:44  Marine  
  60  28:51  Marine x5  
  60  28:54  SCV  
  66  29:02  Marine  
  67  29:06  SCV  
  67  29:09  Marine x3  
  71  29:20  Marine  
  72  29:25  Ghost Academy  
  72  29:31  Concussive Shells  
  72  29:37  Terran Vehicle Armor Level 3  
  72  29:38  Marine  
  73  29:41  Terran Ship Armor Level 2  
  73  29:49  SCV  
  74  29:57  Refinery  
  74  30:01  SCV  
  75  30:35  Command Center  
  75  30:41  SCV  
  76  30:48  Personal Cloaking  
  76  30:54  SCV  
  77  31:24  Ghost x2  
  81  31:35  Missile Turret  
  81  31:53  Missile Turret  
  53  33:26  SCV  
  54  33:33  Missile Turret  
  54  33:52  Missile Turret  
  49  34:10  Marine x2  
  49  34:11  Marine x4  
  55  34:28  Marine x3  
  55  34:29  Marine x3  
  61  34:33  Factory  
  61  34:46  Marine x4  
  61  34:47  Marine x2  
  67  35:04  Marine x6  
  73  35:18  Factory Tech Lab  
  73  35:21  Command Center  
  73  35:22  Marine x2  
  75  35:31  Sensor Tower  
  75  35:40  Battlecruiser x2  
  87  35:43  Marine  
  88  36:03  Command Center  
  88  36:07  Siege Tank  
  91  36:34  Sensor Tower  
  94  36:40  Siege Tank  
  94  37:12  Siege Tank  
  44  39:10  Siege Tank  
  47  39:17  Command Center  
  47  39:20  Missile Turret  
  47  39:39  Missile Turret  
  47  39:42  Siege Tank  
  50  40:00  Marine x3  
  50  40:01  Marine x2  
  55  40:14  Siege Tank  
  58  40:46  Siege Tank  
  61  40:57  SCV, Refinery  
  62  41:09  SCV  
  63  41:22  Missile Turret  
  63  41:35  Marine x4  
  67  42:13  Marine  
  67  42:14  Marine x4  
  67  42:15  Marine  
  73  42:47  Siege Tank  
  45  43:12  Marine x5  
  49  43:13  Marine  
  49  43:19  Siege Tank  
  54  43:29  Marine  
  51  43:51  Siege Tank  
  45  44:23  Siege Tank  
  48  44:44  SCV  
  49  44:54  Marine x2  
  49  44:55  Siege Tank  
  49  44:56  SCV  
  52  45:08  SCV  
  52  45:12  Marine x2  
  55  45:20  SCV  
  56  45:24  Marine  
  56  45:27  Siege Tank  
  60  45:32  SCV  
  61  45:42  Marine  
  51  45:44  SCV  
  42  45:56  SCV  
  31  45:59  Marine  
  29  46:05  Bunker  
  29  46:07  Marine x2  
  31  46:17  Marine  
  32  46:25  Marine x2  
  34  46:31  SCV  
  35  46:35  Marine  
  36  46:43  Marine x2  
  38  47:03  Marine  
Tags
 
Add a new tag
Caveats
  • Supply blocks, unpowered buildings, or Contaminate may cause inaccurate times.
  • Supply counts are checked every 10 seconds.